 Dungeon Sprint DCSS version 0.16-a0-3946-g4f19e5c (webtiles) character file.

123 PolkaDot the Twirler (level 4, 0/34 HPs)
             Began as a Vampire Summoner on Feb 9, 2015.
             Was a Follower of Sif Muna.
             Slain by a giant frog (1 damage)
             ... in the Dungeon (Sprint V: "Ziggurat Sprint").
             The game lasted 00:05:07 (220 turns).

PolkaDot the Twirler (Vampire Summoner)              Turns: 220, Time: 00:05:07

Health: 0/34       AC:  2    Str:  7    XL:     4   Next: 80%
Magic:  7/16       EV: 12    Int: 36    God:    Sif Muna [*.....]
Gold:   0          SH:  0    Dex: 14    Spells: 4 memorised, 0 levels left

rFire  . . .     SeeInvis +     F - +6 Majin-Bo {vamp, Archmagi MP+6 Int+6}
rCold  . . .     Clarity  .     c - +0 robe {rN+}
rNeg   + . .     SustAb   .     (no shield)
rPois  .         Gourm    .     (no helmet)
rElec  .         Spirit   .     (no cloak)
rCorr  .         Warding  .     (no gloves)
rMut   .         NoTele   +     (no boots)
MR     .....                    (no amulet)
Stlth  ++........               D - +6 ring of intelligence
                                C - +6 ring of intelligence

@: regenerating quickly, not resistant to hostile enchantments, unstealthy
A: bottle blood, fangs 3, see invisible, unbreathing
a: Channel Energy, Renounce Religion


You were in the Dungeon.
You worshipped Sif Muna.
Sif Muna was aware of your devotion.
You were full.

You visited 1 branch

Inventory:

Hand weapons
 F - the +6 Majin-Bo (weapon) {vamp, Archmagi MP+6 Int+6}
   (You found it in the Dungeon)

   It inflicts no extra harm, but heals its wielder somewhat when it strikes a
   living foe.
   It affects your intelligence (+6).
   It affects your magic capacity (+6).
Armour
 c - a +0 robe of positive energy (worn)
Magical staves
 A - an uncursed staff of energy
Jewellery
 C - a +6 ring of intelligence (left hand)
 D - a +6 ring of intelligence (right hand)
Magical devices
 w - a wand of disintegration (7)
 x - a wand of fire (5)
 y - a wand of cold (5)
 z - a wand of draining (5)
Scrolls
 i - 4 scrolls of blinking
 q - 4 scrolls of amnesia
 r - 3 scrolls of recharging
 s - 7 scrolls of fog
 t - 5 scrolls of identify
 u - 5 scrolls of remove curse
 v - 2 scrolls of fear
Potions
 d - 10 potions of curing
 e - 9 potions of heal wounds
 f - 6 potions of haste
 g - 7 potions of magic
 h - 3 potions of berserk rage
 j - 2 potions of brilliance
 k - 2 potions of invisibility
 l - 2 potions of restore abilities
 m - 4 potions of resistance
 o - 5 potions of agility
 p - 5 potions of might
Books
 b - a book of Callings

   Spells                             Type                      Level
   a - Summon Small Mammal            Summoning                    1
   b - Call Imp                       Summoning                    2
   c - Call Canine Familiar           Summoning                    3
   d - Summon Guardian Golem          Hexes/Summoning              4
   e - Summon Lightning Spire         Summoning/Air                4
   f - Summon Ice Beast               Ice/Summoning                4
Miscellaneous
 B - a crystal ball of energy
 E - a disc of storms


   Skills:
 + Level 2.9 Fighting
 * Level 7.4 Staves
 - Level 2.1 Dodging
 - Level 3.0 Stealth
 - Level 3.7 Spellcasting
 + Level 5.3 Summonings
 + Level 0.0 Ice Magic


You couldn't memorise any spells.
You knew the following spells:

 Your Spells              Type           Power        Failure   Level  Hunger
d - Call Canine Familiar  Summ           ######..     1%          3    #......
i - Summon Ice Beast      Ice/Summ       #####...     17%         4    ###....
s - Call Imp              Summ           ######..     1%          2    None
z - Summon Small Mammal   Summ           ####         1%          1    None


Dungeon Overview and Level Annotations

Branches:
Dungeon (1/1)

Altars:
Ashenzari
Cheibriados
Dithmenos
Elyvilon
Fedhas
Gozag
Kikubaaqudgha
Makhleb
Nemelex Xobeh
Okawaru
Qazlal
Ru
Sif Muna
Trog
Vehumet
Xom
Yredelemnul
Zin
The Shining One
Beogh
Jiyva
Lugonu


Innate Abilities, Weirdness & Mutations

Your natural rate of healing is unusually fast.
You can bottle blood from corpses.
You have razor-sharp teeth.
You have supernaturally acute eyesight.
You can survive without breathing.


Message History

Your crimson imp barely misses the giant frog.
The porcupine barely misses your crimson imp.
Casting: Call Imp
Confirm with . or Enter, or press ? or * to list all spells.
You feel a surge of power!
A beastly little devil appears in a puff of flame.
* * * LOW HITPOINT WARNING * * *;
* * * LOW MAGIC WARNING * * *
Your wolf bites the wolf.
The wolf bites you!
* * * LOW HITPOINT WARNING * * *
The iguana bites your crimson imp. The giant frog hits you.
* * * LOW HITPOINT WARNING * * *
The porcupine barely misses your crimson imp.
Your wolf misses the wolf.
Your crimson imp misses the giant frog.
Your crimson imp completely misses the wolf.
You barely miss the wolf.
The wolf is severely wounded.
The wolf bites you!
* * * LOW HITPOINT WARNING * * *
The giant frog hits you.
You die...

▓▓▓▓▓▓▓▓▓▓▓▓▓▓▓▓▓▓▓
▓.8©8.▓.8©8.▓.8©8.▓
▓.=)|.▓.:|}.▓.....▓
▓..[..▓.....▓.).=.▓
▓.....▓..)..▓.....▓
▓.rl..▓.)...▓.....▓
▓55hF.▓..[..▓.....▓
▓..@h5▓.....▓▓▓▓▓▓▓
▓▓▓▓▓▓▓▓▓▓▓▓▓


You could see a wolf, a giant frog, an iguana, a porcupine, a friendly wolf and
3 friendly crimson imps.

Vanquished Creatures
  2 orc priests (D)
  An iguana (D)
  An orc wizard (D)
  A jackal (D)
5 creatures vanquished.

Vanquished Creatures (others)
  A rat (D)
1 creature vanquished.

Grand Total: 6 creatures vanquished

Notes
Turn   | Place    | Note
--------------------------------------------------------------
     0 | D        | PolkaDot, the Vampire Summoner, began the quest for the Orb.
     0 | D        | Reached XP level 1. HP: 13/13 MP: 3/3
     0 | D        | Found a corrupted altar of Lugonu.
     0 | D        | Found a viscous altar of Jiyva.
     0 | D        | Found a white marble altar of Elyvilon.
     0 | D        | Found a burning altar of Makhleb.
     0 | D        | Found an iron altar of Okawaru.
     2 | D        | Found a sparkling altar of Nemelex Xobeh.
     2 | D        | Found a basalt altar of Yredelemnul.
     2 | D        | Found a deep blue altar of Sif Muna.
     2 | D        | Found a radiant altar of Vehumet.
     6 | D        | Found a bloodstained altar of Trog.
    29 | D        | Became a worshipper of Sif Muna the Loreminder
    33 | D        | Found a shimmering altar of Xom.
    78 | D        | Reached skill level 6 in Staves
    78 | D        | Reached XP level 2. HP: 19/19 MP: 4/4
    79 | D        | Entered arena 1.
    79 | D        | Noticed an iguana
    89 | D        | Killed an iguana
    89 | D        | Reached skill level 1 in Fighting
    89 | D        | Reached XP level 3. HP: 12/26 MP: 6/6
   101 | D        | Got the ring "Fruixig" {EV+4 Int+3 Dex-2}
   171 | D        | Learned a level 2 spell: Call Imp
   175 | D        | Learned a level 3 spell: Call Canine Familiar
   175 | D        | Entered arena 2.
   175 | D        | Noticed an orc priest
   175 | D        | Noticed an orc priest
   175 | D        | Noticed an orc wizard
   180 | D        | Killed an orc priest
   180 | D        | Acquired Sif Muna's first power
   180 | D        | Reached XP level 4. HP: 29/33 MP: 9/9
   184 | D        | Killed an orc priest
   184 | D        | Reached skill level 7 in Staves
   184 | D        | Reached skill level 5 in Summonings
   188 | D        | Killed an orc wizard
   207 | D        | Identified Sif Muna's Almanac of Transmigration (You found it in the Dungeon)
   215 | D        | Learned a level 4 spell: Summon Ice Beast
   215 | D        | Entered arena 3.
   215 | D        | Noticed an iguana
   215 | D        | Noticed a porcupine
   215 | D        | Noticed a giant frog
   215 | D        | Noticed a wolf
   220 | D        | HP: 1/34 [wolf (10)]
   220 | D        | Slain by a giant frog

Action                   |  1- 3 |  4- 6 || total
-------------------------+-------+-------++-------
Melee: Quarterstaff      |     9 |     9 ||    18
 Cast: Summon Small Mamm |     2 |       ||     2
       Call Imp          |       |     3 ||     3
       Call Canine Famil |       |     1 ||     1
  Use: Potion            |     3 |       ||     3
  Eat: Corpse            |     2 |       ||     2
